 Dungeon Crawl Stone Soup version 0.30.1-11-g7821555f0a (webtiles) character file.

Game seed: 14329388808463051301

774 Peloso the Slasher (level 7, -1/61 HPs)
             Began as a Minotaur Fighter on Dec 26, 2023.
             Was a Believer of Okawaru.
             Killed from afar by an orc wizard (9 damage)
             ... with a puff of flame
             ... on level 5 of the Dungeon.
             The game lasted 00:08:41 (3752 turns).

Peloso the Slasher (Minotaur Fighter)               Turns: 3752, Time: 00:08:42

Health: -1/61      AC:  9    Str: 20    XL:     7   Next: 53%
Magic:  6/6        EV: 25    Int:  5    God:    Okawaru [**....]
Gold:   216        SH:  5    Dex: 12    Spells: 6/6 levels left

rFire   . . .        a - +1 long sword
rCold   . . .        d - +0 buckler
rNeg    + . .        b - +0 scale mail
rPois   .            (helmet restricted)
rElec   .            v - +1 cloak
rCorr   .            (no gloves)
SInv    .            (no boots)
Will    .....        l - amulet of the acrobat Stlth
                     n - ring of positive energy
HPRegen 0.30/turn    (no ring)
MPRegen 0.10/turn

%: acrobat
@: acrobatic
A: horns 2, retaliatory headbutt
a: Renounce Religion, Heroism


You were on level 5 of the Dungeon.
You worshipped Okawaru.
Okawaru was pleased with you.
You visited 1 branch of the dungeon, and saw 5 of its levels.
You also visited: Sewer.

You collected 216 gold pieces.

Inventory:

Hand Weapons
 a - a +1 long sword (weapon)
Armour
 b - a +0 scale mail (worn)
 c - a scarf of harm
 d - a +0 buckler (worn)
 v - a +1 cloak (worn)
Jewellery
 l - an amulet of the acrobat (around neck)
 n - a ring of positive energy (left hand)
Scrolls
 e - a scroll of blinking
 f - 2 scrolls of enchant armour
 h - a scroll of magic mapping {unknown}
 i - a scroll of amnesia
 j - a scroll of fear
 o - a scroll of teleportation {unknown}
 p - a scroll of torment {unknown}
 q - a scroll of enchant weapon
Potions
 g - 3 potions of might
 k - 5 potions of flight
 m - a potion of curing
 s - a potion of brilliance
 t - a potion of invisibility
 u - a potion of mutation {unknown}
 w - a potion of cancellation


   Skills:
 + Level 5.1 Fighting
 + Level 6.1 Long Blades
 + Level 5.8 Armour
 + Level 3.5 Dodging
 + Level 0.7 Stealth
 + Level 5.2 Shields


You had 6 spell levels left.
You didn't know any spells.
Your spell library contained the following spells:

 Spells                   Type           Power      Damage    Failure   Level
 Ensorcelled Hibernation  Hex/Ice        0%         N/A       95%         2
 Passwall                 Tmut/Erth      0%         N/A       95%         2
 Ozocubu's Armour         Ice            0%         N/A       99%         3
 Swiftness                Air            0%         N/A       99%         3
 Ozocubu's Refrigeration  Ice            0%         4d7       100%        7


Dungeon Overview and Level Annotations

Branches:
Dungeon (5/15)              Sewer (visited)
 Temple: D:4-7

Altars:
Okawaru
Wu Jian

Shops:
D:1 :?(   D:5 *


Innate Abilities, Weirdness & Mutations

You have a pair of horns on your head.
You reflexively headbutt those who attack you in melee.


Message History

You closely miss the orc priest.
The orc priest is almost dead.
You block the orc priest's attack.
You closely miss the orc wizard. Your headbutt misses the orc wizard.
The orc priest calls down the wrath of Beogh upon you.
Beogh smites you!
The orc priest mumbles some strange prayers to Beogh against you.
Beogh smites you!
* * * LOW HITPOINT WARNING * * *
The orc wizard misses you. The orc barely misses you.
You hit the orc priest. Your headbutt misses the orc priest.
The orc priest is almost dead.
The orc priest hits you with a +0 dagger.
* * * LOW HITPOINT WARNING * * *
The orc hits you but does no damage. The orc wizard barely misses you.
Unknown command.
You feel better. The orc priest misses you. The orc hits you with a +0 dagger.
* * * LOW HITPOINT WARNING * * *
The orc wizard hits you with a +0 dagger.
* * * LOW HITPOINT WARNING * * *
Unknown command.
You slash the orc priest!
You kill the orc priest!
Okawaru accepts your kill. The orc closely misses you.
The orc wizard hits you with a +0 dagger.
* * * LOW HITPOINT WARNING * * *
Unknown command.
You hit the orc wizard but do no damage.
Your headbutt misses the orc wizard.
The orc wizard hits you with a +0 dagger.
* * * LOW HITPOINT WARNING * * *
The orc hits you with a +0 dagger.
* * * LOW HITPOINT WARNING * * *
Unknown command.
The orc wizard completely misses you. You furiously retaliate!
You headbutt the orc wizard.
The orc wizard points at you and mumbles some strange words.
The puff of flame hits you!
You die...

#.# #.#### ##.#### #....
......# #..# .#.....
#######..# ....... ###
#......#.# ..... . ##
..####.####.#.# ... ...
##.
#.#.##.####.#.#####.#.....
#.<
#..#.....##.#...@.ow......
#..
..###..#.##.#....o###.####
#)# #..#.#.#.##.####### .#
#)# #.#.##......# #...#
#.# <.######.#### #...#
#.# ### .# #...# ... #####
#.# #...# .... ....# #.#
#######...######.#..
....## ..
###................#..


You could see a worm, an orc wizard and an orc.

Vanquished Creatures
  A troll (D:5)
  Duvessa (D:5)
  An ogre (D:5)
  Dowan (D:5)
  4 orc priests
  An orc wizard (D:5)
  7 adders
  5 river rats
  An ufetubus (D:5)
  4 worms
  2 dart slugs
  6 orcs
  9 ball pythons
  3 endoplasms
  3 giant cockroaches
  7 goblins
  7 hobgoblins
  3 jackals (Sewer)
  3 quokkas
  11 bats
  3 frilled lizards
  8 kobolds
  2 rats
93 creatures vanquished.

Notes
Turn   | Place    | Note
-------+----------+-------------------------------------------
     0 | D:1      | Peloso the Minotaur Fighter began the quest for the Orb.
     0 | D:1      | Reached XP level 1. HP: 19/19 MP: 0/0
    46 | D:1      | Found a faded altar of an unknown god.
   236 | D:1      | Reached XP level 2. HP: 27/27 MP: 1/1
   292 | D:1      | Found Sepos's Magic Scroll Shoppe.
   321 | D:1      | Found Cysyq's Antique Weapon Emporium.
   398 | D:1      | Found Jaelol's Book Emporium.
   480 | D:1      | Reached skill level 3 in Long Blades
   761 | D:2      | Reached XP level 3. HP: 33/33 MP: 2/2
   794 | D:2      | Found an ornate altar of the Wu Jian Council.
  1445 | D:3      | Identified the +0 spear of Nisuecw {freeze, Str-3 Dex+5}
  1490 | D:3      | Found an iron altar of Okawaru.
  1538 | D:3      | Became a worshipper of Warmaster Okawaru
  1846 | D:3      | Reached XP level 4. HP: 26/40 MP: 3/3
  1851 | D:3      | Reached skill level 4 in Long Blades
  2350 | D:4      | Reached XP level 5. HP: 33/46 MP: 4/4
  2445 | D:4      | Noticed an ogre
  2455 | D:5      | Entered Level 5 of the Dungeon
  2456 | D:5      | Noticed an ogre
  2477 | D:5      | Reached skill level 1 in Dodging
  2478 | D:5      | Killed an ogre
  2483 | D:5      | Reached * piety under Okawaru
  2484 | D:5      | Reached skill level 5 in Long Blades
  2484 | D:5      | Reached XP level 6. HP: 27/53 MP: 5/5
  2508 | D:5      | Noticed Dowan
  2509 | D:5      | Noticed Duvessa
  2517 | D:5      | Killed Duvessa
  2518 | D:5      | Reached skill level 5 in Armour
  2518 | D:5      | Reached skill level 5 in Shields
  2518 | D:5      | Killed Dowan
  2519 | D:5      | Noticed a troll
  2526 | D:5      | Killed a troll
  2527 | D:5      | Reached XP level 7. HP: 27/60 MP: 3/6
  2534 | D:5      | Found a glowing drain.
  2556 | Sewer    | Entered a sewer
  2768 | Sewer    | Reached ** piety under Okawaru
  2792 | Sewer    | Reached skill level 6 in Long Blades
  3533 | D:5      | Found Zeafuav's Serpentskin Sales.
  3539 | D:5      | Reached skill level 5 in Fighting
  3752 | D:5      | Killed from afar by an orc wizard

Illustrated notes

Levels and vault maps discovered:
D:1:      beargit_arrival_greenhouse, layout_loops_ring, serial_shops, shop,
          nicolae_shop_pleasant_corner_grove, nicolae_shop_crystal,
          hellmonk_ecumenical_altar_leap_of_faith, minmay_hexomino_f4
D:2:      layout_basic, basic_altar, minmay_liquid_box
D:3:      layout_loops_ring, mainiacjoe_overflow_alcove_1
D:4:      layout_basic, nicolae_overflow_squiral
D:5:      layout_loops_cross, portal_sewer_entry_a, guppyfry_shop_venom,
          uniq_duvessa

Skill      XL: |  1  2  3  4  5  6  7 |
---------------+----------------------+-----
Armour         | 4 5 |  5.8
Shields        | 4 5 |  5.2
Long Blades    | 3 4 5 6 |  6.1
Fighting       | 4 5 |  5.1
Dodging        | 1 3 |  3.5
Stealth        | |  0.7

Action                     |  1- 3 |  4- 6 |  7- 9 || total
---------------------------+-------+-------+-------++-------
  Melee: Long sword        |    95 |    65 |    88 ||   248
         Headbutt          |    10 |     8 |    17 ||    35
 Invoke: Heroism           |       |     1 |       ||     1
    Use: Potion            |     3 |     3 |     1 ||     7
         Scroll            |     1 |       |     9 ||    10
 Armour: Scale mail        |    38 |    21 |    29 ||    88
  Dodge: Dodged            |    57 |    29 |    78 ||   164
  Block: Buckler           |    22 |    21 |    26 ||    69
